 Dungeon Crawl Stone Soup version 0.31-a0-986-g5e6e4ef867 (webtiles) character file.

Game seed: 15790108517237256898

18 Duuthrak the Chopper (level 2, -3/27 HPs)
             Began as a Minotaur Berserker on Nov 9, 2023.
             Was a Follower of Trog.
             Splashed by a jelly's acid (8 damage)
             ... on level 2 of the Dungeon.
             The game lasted 00:05:26 (837 turns).

Duuthrak the Chopper (Minotaur Berserker)            Turns: 837, Time: 00:05:27

Health: -3/27      AC: -5    Str: 21    XL:     2   Next: 51%
Magic:  1/1        EV: 11    Int:  4    God:    Trog [*.....]
Gold:   45         SH:  0    Dex:  9    Spells: 1/1 levels left

rFire   . . .        a - +0 hand axe
rCold   . . .        (no shield)
rNeg    . . .        i - +0 ring mail
rPois   .            (helmet restricted)
rElec   .            (no cloak)
rCorr   .            c - +0 pair of gloves
SInv    .            (no boots)
Will    .....        (no amulet) Stlth
                     (no ring)
HPRegen 0.24/turn    (no ring)
MPRegen 0.07/turn

%: no passive effects
@: corroded
A: horns 2, retaliatory headbutt
a: Renounce Religion, Berserk


You were on level 2 of the Dungeon.
You worshipped Trog.
Trog was aware of your devotion.
You visited 1 branch of the dungeon, and saw 2 of its levels.

You collected 45 gold pieces.

Inventory:

Hand Weapons
 a - a +0 hand axe (weapon)
Missiles
 d - 4 poisoned darts (quivered)
Armour
 b - a +0 animal skin
 c - a +0 pair of gloves (worn)
 e - a +0 robe
 i - a +0 ring mail (worn)
Talismans
 h - a talisman of death
Scrolls
 f - 2 scrolls of enchant weapon {unknown}
 g - a scroll of fog {unknown}
 j - a scroll of acquirement {unknown}


   Skills:
 + Level 4.0 Fighting
 + Level 4.0 Axes
 + Level 2.8 Armour
 + Level 2.4 Dodging


You had one spell level left.
You didn't know any spells.
Your spell library was empty.

Dungeon Overview and Level Annotations

Branches:
Dungeon (2/15)

Altars:


Innate Abilities, Weirdness & Mutations

You have a pair of horns on your head.
You reflexively headbutt those who attack you in melee.


Message History

a +0 whip; a kobold corpse
j - a scroll labelled GEKLECLOYP You now have 45 gold pieces (gained 8).
You open the door.
There is an open door here.
A kobold comes into view. It is wielding a +0 dagger.
The kobold shouts!
You hear a distant slurping noise.
The door mysteriously vanishes.
A jelly comes into view.
You hit the kobold.
The kobold is severely wounded.
The kobold hits you but does no damage.
You completely miss the kobold.
The kobold is severely wounded.
The kobold closely misses you.
You hit the kobold.
You kill the kobold!
Trog accepts your kill.
You hit the jelly.
Your hands burn!
The jelly is lightly wounded.
The jelly hits you but does no damage.
You slash the jelly!
Your hands burn!
The jelly is heavily wounded.
The jelly hits you but does no damage. x2
You hit the jelly. The acid corrodes you!
Your hands burn!
The jelly is almost dead.
The jelly hits you. The acid corrodes you!
You are splashed with acid!
* * * LOW HITPOINT WARNING * * *
You are too injured to fight recklessly!
You hit the jelly but do no damage.
Your hands burn!
* * * LOW HITPOINT WARNING * * *
The jelly is almost dead.
The jelly closely misses you.
You hit the jelly but do no damage. The acid corrodes you!
Your hands burn!
* * * LOW HITPOINT WARNING * * *
The jelly is severely wounded.
The jelly hits you.
* * * LOW HITPOINT WARNING * * *
You are splashed with acid!
You die...

##..).)###.#######
#...))).##.##
#.......##..#
#.......###.#
#.......# #.#
####....# #.#
##..'....# #.#
#.######## #.#
##.@J...# #.#
#######.# #.# #.##
#..# ##.####..
##......#
#.>.##### #.###
#.#


You could see a jelly.

Vanquished Creatures
  2 ball pythons (D:1)
  2 bats (D:1)
  2 endoplasms (D:1)
  2 goblins (D:1)
  6 kobolds (D:2)
  A rat (D:2)
15 creatures vanquished.

Notes
Turn   | Place    | Note
-------+----------+-------------------------------------------
     0 | D:1      | Duuthrak the Minotaur Berserker began the quest for the
                  | Orb.
     0 | D:1      | Reached XP level 1. HP: 19/19 MP: 0/0
   278 | D:1      | Reached XP level 2. HP: 27/27 MP: 1/1
   837 | D:2      | Splashed by a jelly's acid

Illustrated notes

Levels and vault maps discovered:
D:1:      dpeg_arrival_oval, layout_basic, serial_bayou, serial_bayou_lagoon_a,
          serial_bayou_lake_a, serial_bayou_shore_b, serial_bayou_crossing,
          nrook_mini_backslash
D:2:      cheibrodos_fertilizer, layout_basic

Skill      XL: |  1  2 |
---------------+-------+-----
Axes           | 4 |  4.0
Fighting       | 4 |  4.0
Armour         | |  2.8
Dodging        | |  2.4

Action                     || total
---------------------------++-------
  Melee: Hand axe          ||    34
 Invoke: Berserk           ||     1
 Armour: Robe              ||    18
         Ring mail         ||    12
  Dodge: Dodged            ||    20
         Form:             ||     1
         Death             ||     1

Table legend: (Time is in decaauts)
 A = Elapsed time spent in this place.
 B = Non-inter-level travel time spent in this place.
 C = Inter-level travel time spent in this place.
 D = Time resting spent in this place.
 E = Time spent auto-exploring this place.
 F = Levels seen in this place.
 G = Mean time per level.
                   A        B        C        D        E       F      G
               +--------+--------+--------+--------+--------+-----+--------+
         Total |    878 |    287 |    591 |    164 |      0 |   2 |  439.0 |
       Dungeon |    878 |    287 |    591 |    164 |      0 |   2 |  439.0 |
               +--------+--------+--------+--------+--------+-----+--------+

Top non-repeatable levels by time:
     D:1: 669 daAuts
     D:2: 208 daAuts
